 Dungeon Crawl Stone Soup version 0.31-a0-675-g238779eb0a (webtiles) character file.

Game seed: 7995529243903245441

107 Ekaitz the Gusty (level 4, 0/25 HPs)
             Began as a Tengu Air Elementalist on Sept 5, 2023.
             Succumbed to an adder's poison
             ... on level 2 of the Dungeon on Sept 6, 2023.
             The game lasted 00:08:18 (1844 turns).

Ekaitz the Gusty (Tengu Air Elementalist)           Turns: 1844, Time: 00:08:19

Health: 0/25       AC:  3    Str:  8    XL:     4   Next: 86%
Magic:  1/8        EV: 28    Int: 17    God:
Gold:   72         SH:  0    Dex: 15    Spells: 2/8 levels left

rFire   + . .        c - +1 sling (freeze)
rCold   . . .        (no shield)
rNeg    . . .        a - +0 robe
rPois   .            (helmet restricted)
rElec   .            (no cloak)
rCorr   .            g - +0 pair of gloves
SInv    .            (boots unavailable)
Will    .....        (no amulet)
Stlth   ++           i - ring of protection from fire
HPRegen 0.24/turn    (no ring)
MPRegen 0.11/turn

%: acrobat
@: lethally poisoned (0 -> -2), acrobatic
A: beak, talons 3, acrobatic
a: no special abilities


You were on level 2 of the Dungeon.
You visited 1 branch of the dungeon, and saw 2 of its levels.

You collected 72 gold pieces.

Inventory:

Hand Weapons
 c - a +1 sling of freezing (weapon)
Missiles
 d - 4 silver javelins
Armour
 a - a +0 robe (worn)
 g - a +0 pair of gloves (worn)
 h - a +0 buckler
Jewellery
 i - a ring of protection from fire (left hand)
Scrolls
 e - a scroll of identify {unknown}
 f - 3 scrolls of teleportation {unknown}
 j - a scroll of fear {unknown}
 k - a scroll of revelation {unknown}
Potions
 b - a potion of magic


   Skills:
 * Level 1.0 Fighting
 + Level 0.8 Ranged Weapons
 * Level 3.6 Dodging
 + Level 2.2 Stealth
 * Level 0.8 Shields
 + Level 2.5 Spellcasting
 * Level 2.1 Conjurations
 * Level 4.6 Air Magic


You had 2 spell levels left.
You knew the following spells:

 Your Spells              Type           Power      Damage    Failure   Level
a - Shock                 Conj/Air       52%        1d6       4%          1
b - Static Discharge      Conj/Air       26%        2-4/arc   7%          2
c - Swiftness             Air            17%        N/A       9%          3

Your spell library contained the following spells:

 Spells                   Type           Power      Damage    Failure   Level
 Lesser Beckoning         Tloc           4%         N/A       28%         2
 Airstrike                Air            8%         2d(2-18)  28%         4
 Gell's Gravitas          Tloc           2%         N/A       50%         3
 Teleport Other           Tloc           2%         N/A       50%         3


Dungeon Overview and Level Annotations

Branches:
Dungeon (2/15)

Altars:


Innate Abilities, Weirdness & Mutations

You have a beak for a mouth.
You have claws for feet.
You can magically evade attacks while moving or waiting.


Message History

Casting: Shock (safe; 4% risk of failure)
Confirm with . or Enter, or press ? or * to list all spells.
Aiming: Shock (safe; 4% risk of failure)
Press: ? - help, Shift-Dir - straight line The zap misses the adder.
The zap misses the goblin.
The zap hits the goblin.
The goblin is severely wounded.
You feel a bit more experienced.
You feel sick. The adder misses you.
Unknown command.
Fire: c) +1 sling (freeze)
Press: ? - help, Q - select action, (/) - cycle Shift-Dir - straight line, f - goblin
Aim: a goblin, wielding a +0 dagger (severely wounded, strong, 47% to hit)
You shoot a sling bullet.
The sling bullet closely misses the adder.
The sling bullet closely misses the goblin.
You feel sick.
You are no longer poisoned.
The adder closely misses you. The adder completely misses you.
Okay, then.
The goblin no longer looks unusually strong.
The adder closely misses you. The adder barely misses you.
The adder closely misses you. The adder completely misses you.
The adder completely misses you. The adder completely misses you.
The adder completely misses you. The adder bites you.
* * * LOW HITPOINT WARNING * * *
You are lethally poisoned!
The adder poisons you!
* * * LOW HITPOINT WARNING * * *
You feel sick. The adder closely misses you.
Okay, then.
Unknown command.
Unknown command.
* * * LOW HITPOINT WARNING * * *
You feel sick.
* * * LOW HITPOINT WARNING * * *
You feel sick. The adder misses you.
* * * LOW HITPOINT WARNING * * *
You feel sick.
You die...

#.## #.# .. #.#.#
#..######.#####)#.# #.#.#
##............#)#.# #.#.#
#.)#####......g..# #.#.# #..#
#..##.#.#.# #.#.# #..#
#..##.###.# #.#.# #..#
#..#.g.##.###########.#.# #..#
#......S#.#.............. #..#
#.......@...#####.#####.. #..#
##......#..#### #.# ###.. #..#
#....<.......# #.# #...#
#..#########.###..##.# #†# #.#..
#...<........###..##.###.# #....
####..............#...##.###.#..
##############...#..#.##.....
#..###..........
##..#..####...##


You could see an adder and a goblin.

Vanquished Creatures
  Robin (D:2)
  3 adders (D:2)
  A dart slug (D:2)
  6 ball pythons
  4 bats
  An endoplasm (D:1)
  4 giant cockroaches
  11 goblins
  7 hobgoblins
  6 jackals
  4 quokkas
  3 frilled lizards (D:1)
  5 kobolds
  3 rats
59 creatures vanquished.

Notes
Turn   | Place    | Note
-------+----------+-------------------------------------------
     0 | D:1      | Ekaitz the Tengu Air Elementalist began the quest for the
                  | Orb.
     0 | D:1      | Reached XP level 1. HP: 10/10 MP: 4/4
   160 | D:1      | Reached XP level 2. HP: 15/15 MP: 3/6
   163 | D:1      | Learned a level 2 spell: Static Discharge
   507 | D:1      | Reached XP level 3. HP: 20/20 MP: 4/7
   511 | D:1      | Learned a level 3 spell: Swiftness
  1339 | D:2      | Reached XP level 4. HP: 5/24 MP: 0/8
  1345 | D:2      | HP: 1/24 [poisoned by an adder]
  1797 | D:2      | Reached skill level 1 in Fighting
  1815 | D:2      | Noticed Robin
  1828 | D:2      | Killed Robin
  1842 | D:2      | HP: 1/25 [poisoned by an adder]
  1844 | D:2      | Succumbed to an adder's poison

Illustrated notes

Levels and vault maps discovered:
D:1:      dpeg_arrival_rooms_b, layout_rooms, minmay_small_reverse_x
D:2:      layout_loops_ring, hangedman_decor_points, uniq_robin

Skill      XL: |  1  2  3  4 |
---------------+-------------+-----
Dodging        | 3 |  3.6
Fighting       | 1 |  1.0
Conjurations   | 2 |  2.1
Ranged Weapons | |  0.8
Stealth        | |  2.2
Shields        | |  0.8
Spellcasting   | |  2.5
Air Magic      | |  4.6

Action                     |  1- 3 |  4- 6 || total
---------------------------+-------+-------++-------
  Melee: Unarmed           |     6 |       ||     6
         Kick              |     2 |       ||     2
   Fire: Sling             |    13 |     7 ||    20
   Cast: Shock             |    53 |    23 ||    76
         Static Discharge  |    14 |       ||    14
    Use: Potion            |       |     2 ||     2
 Armour: Robe              |    14 |    11 ||    25
  Dodge: Dodged            |    50 |    26 ||    76

Table legend: (Time is in decaauts)
 A = Elapsed time spent in this place.
 B = Non-inter-level travel time spent in this place.
 C = Inter-level travel time spent in this place.
 D = Time resting spent in this place.
 E = Time spent auto-exploring this place.
 F = Levels seen in this place.
 G = Mean time per level.
                   A        B        C        D        E       F      G
               +--------+--------+--------+--------+--------+-----+--------+
         Total |   1861 |   1818 |     43 |      0 |   1449 |   2 |  930.5 |
       Dungeon |   1861 |   1818 |     43 |      0 |   1449 |   2 |  930.5 |
               +--------+--------+--------+--------+--------+-----+--------+

Top non-repeatable levels by time:
     D:2: 989 daAuts
     D:1: 872 daAuts
